 Dungeon Crawl Stone Soup version 0.31-a0-233-g139696dc86 (webtiles) character file.

Game seed: 9386038573880970948

33 qw the Shooter (level 3, -1/21 HPs)
             Began as a Gargoyle Hexslinger on July 7, 2023.
             Slain by a quokka (3 damage)
             ... on level 2 of the Dungeon.
             The game lasted 00:00:20 (1019 turns).

qw the Shooter (Gargoyle Hexslinger)                Turns: 1019, Time: 00:00:21

Health: -1/21      AC:  8    Str: 11    XL:     3   Next: 29%
Magic:  4/4        EV: 10    Int: 13    God:
Gold:   52         SH:  0    Dex: 14    Spells: 3/4 levels left

rFire   . . .        Y - +1 sling
rCold   . . .        (no shield)
rNeg    + . .        d - +0 ring mail
rPois   inf          (no helmet)
rElec   +            (no cloak)
rCorr   .            (no gloves)
SInv    .            (no boots)
Will    .....        (no amulet)
Stlth   +            (no ring)
HPRegen 0.23/turn    (no ring)
MPRegen 0.09/turn

%: no passive effects
@: no status effects
A: sickness immunity, AC +3, negative energy resistance 1, electricity
resistance, torment resistance 1, petrification resistance
a: no special abilities


You were on level 2 of the Dungeon.
You visited 1 branch of the dungeon, and saw 2 of its levels.

You collected 52 gold pieces.


Innate Abilities, Weirdness & Mutations

You are immune to sickness and miasma.
Your stone body is resilient. (AC +3)
You are immune to poison.
You resist negative energy. (rN+)
You are resistant to electric shocks. (rElec)
You are resistant to unholy torment.
You are immune to petrification.


   Skills:
 - Level 2.0 Fighting
 + Level 3.2 Ranged Weapons
 - Level 1.5 Dodging
 - Level 1.0 Spellcasting
 - Level 2.6 Hexes


You had 3 spell levels left.
You knew the following spells:

 Your Spells              Type           Power      Damage    Failure   Level
a - Slow                  Hex            28%        N/A       22%         1

Your spell library contained the following spells:

 Spells                   Type           Power      Damage    Failure   Level
 Inner Flame              Hex/Fire       4%         N/A       75%         3
 Portal Projectile        Hex/Tloc       8%         N/A       75%         3
 Cause Fear               Hex            3%         N/A       92%         4

Inventory:

Hand Weapons
 Y - a +1 sling (weapon)
Armour
 d - a +0 ring mail (worn)
Potions
 f - a potion of might {unknown}

Dungeon Overview and Level Annotations

Branches:
Dungeon (2/15)

Altars:

Shops:
D:1 [


Message History

The jackal bites you but does no damage.
The jackal bites you.
The jackal bites you but does no damage.
The jackal closely misses you.
You shoot a sling bullet.
The sling bullet closely misses the jackal.
The jackal barely misses you.
The jackal bites you but does no damage.
The jackal bites you.
The jackal bites you but does no damage.
You shoot a sling bullet.
The sling bullet closely misses the jackal.
The jackal bites you but does no damage. x2
The jackal bites you. x2
You shoot a sling bullet. The sling bullet hits the jackal.
You kill the jackal!
The jackal closely misses you.
The jackal bites you but does no damage.
You shoot a sling bullet. The sling bullet hits the jackal.
You kill the jackal!
You shoot a sling bullet. The sling bullet hits the kobold.
You kill the kobold!
The quokka barely misses you.
You shoot a sling bullet.
The sling bullet closely misses the quokka.
The quokka bites you but does no damage.
The quokka bites you.
You shoot a sling bullet.
The sling bullet completely misses the quokka.
The quokka bites you.
You shoot a sling bullet.
The sling bullet closely misses the quokka.
The quokka barely misses you. x2
You shoot a sling bullet.
The sling bullet hits the quokka but does no damage.
The quokka bites you but does no damage. x2
You shoot a sling bullet.
The sling bullet closely misses the quokka.
The quokka bites you.
You die...

... ... .$
.# .> ..#
###. #.# ...
#.# #r#####
#.# #%@...#
#.#
#.###.####.#
#. #......#
#.########.#
...........#
#.########.#
#. #.# #.
#.# #.#


You could see a quokka.

Vanquished Creatures
  A dart slug (D:1)
  2 endoplasms (D:1)
  2 giant cockroaches (D:1)
  2 goblins
  3 hobgoblins (D:1)
  6 jackals (D:2)
  4 kobolds
  2 ball pythons
  2 bats (D:1)
  3 rats (D:1)
27 creatures vanquished.

Notes
Turn   | Place    | Note
-------+----------+-------------------------------------------
     0 | D:1      | qw the Gargoyle Hexslinger began the quest for the Orb.
     0 | D:1      | Reached XP level 1. HP: 12/12 MP: 2/2
     0 | D:1      | 0 ||| qw: Version: 0.3-a-46-gb1f654a
     0 | D:1      | 0 ||| qw: Game counter: 3206
     0 | D:1      | 0 ||| qw: Melee chars always use a shield: true
     0 | D:1      | 0 ||| qw: God list: Okawaru
     0 | D:1      | 0 ||| qw: Allow faded altars: false
     0 | D:1      | 0 ||| qw: Do Orc after clearing Dungeon:15 true
     0 | D:1      | 0 ||| qw: Do second Lair branch before Depths: true
     0 | D:1      | 0 ||| qw: Lair rune preference: random
     0 | D:1      | 0 ||| qw: Goals: Normal
     0 | D:1      | 0 ||| PLANNING D:1-11
    96 | D:1      | 96 ||| FLEEEEING.
   156 | D:1      | Reached XP level 2. HP: 16/16 MP: 3/3
   305 | D:1      | Found Qeoxzug's Antique Armour Boutique.
   310 | D:1      | 310 ||| SHOPLISTING pair of embroidered gloves (195 gold,
                  | have 10).
   310 | D:1      | 310 ||| SHOPLISTING pair of gloves (117 gold, have 10).
   387 | D:1      | Reached skill level 3 in Ranged Weapons
   410 | D:1      | 410 ||| Stepping ~*~*~tactically~*~*~ (outnumbered).
   760 | D:1      | 760 ||| UPGRADING to +0 ring mail.
   770 | D:1      | 770 ||| DROPPING +0 robe.
   771 | D:1      | 771 ||| READING scroll labelled VACHYE KIBONN.
   872 | D:1      | 872 ||| READING scroll labelled RAOTAB XOUSO.
   873 | D:1      | 873 ||| READING scroll labelled YHALEO FAWI.
   883 | D:1      | 883 ||| READING scroll labelled ZIRIOFI DO BOV.
   884 | D:1      | 884 ||| DRINKING 2 golden potions.
   885 | D:1      | 885 ||| DROPPING scroll of poison.
   886 | D:1      | 886 ||| DROPPING potion of attraction.
   996 | D:2      | Reached XP level 3. HP: 21/21 MP: 4/4
  1011 | D:2      | HP: 4/21 [jackal (3)]
  1015 | D:2      | HP: 1/21 [quokka (3)]
  1019 | D:2      | Slain by a quokka

Levels and vault maps discovered:
D:1:      dpeg_arrival_simpleton_c, layout_basic, serial_shops, shop
D:2:      layout_basic, corexii_shack

Skill      XL: |  1  2 |
---------------+-------+-----
Ranged Weapons | 3 |  3.2
Fighting       | 2 |  2.0
Dodging        | |  1.5
Spellcasting   | |  1.0
Hexes          | |  2.6

Action                     || total
---------------------------++-------
   Fire: Sling             ||    77
    Use: Scroll            ||     4
         Potion            ||     1
 Armour: Robe              ||     2
         Ring mail         ||    25
  Dodge: Dodged            ||    39

Table legend:
 A = Non-vault XP
 B = Vault XP
 C = Vault XP percentage of total XP
 D = Non-vault monster count
 E = Vault monster count
 F = Vault count percentage of total count
                 A         B        C        D         E       F
            +---------+---------+-------+---------+---------+-------
      Total |      48 |       0 |   0.0 |      27 |       0 |   0.0
            +---------+---------+-------+---------+---------+-------
        D:1 |      31 |       0 |   0.0 |      18 |       0 |   0.0
        D:2 |      17 |       0 |   0.0 |       9 |       0 |   0.0
            +---------+---------+-------+---------+---------+-------
